 Dungeon Crawl Stone Soup version 0.27-a0-1065-ge809cff456 (webtiles) character file.

Game seed: 16480354394156524478

21 jryanh76 the Slasher (level 2, -12/28 HPs)
             Began as a Naga Berserker on Apr 22, 2021.
             Was a Follower of Trog.
             Mangled by Sigmund
             ... wielding a +0 scythe
              (13 damage)
             ... on level 2 of the Dungeon.
             The game lasted 00:05:11 (927 turns).

jryanh76 the Slasher (Naga Berserker)                Turns: 927, Time: 00:05:13

Health: -12/28     AC:  3    Str: 19    XL:     2   Next: 83%
Magic:  2/2        EV:  9    Int:  7    God:    Trog [*.....]
Gold:   21         SH:  0    Dex: 10    Spells: 1/1 levels left

rFire    . . .     SeeInvis +   a - +0 falchion
rCold    . . .     Faith    .   (no shield)
rNeg     . . .     Spirit   .   k - +0 leather armour
rPois    +         Reflect  .   (no helmet)
rElec    .         Harm     .   (no cloak)
rCorr    .         Rampage  .   c - +0 pair of gloves
Will     .....                  (no barding)
Stlth    +.........             (no amulet)
HPRegen  0.09/turn              (no ring)
MPRegen  0.08/turn              (no ring)

@: very slow
A: AC +0, large, see invisible, deformed body, poison resistance, slowness 2,
spit poison 1, naga tail 1
a: Spit Poison, Renounce Religion, Berserk


You were on level 2 of the Dungeon.
You worshipped Trog.
Trog was aware of your devotion.
You visited 1 branch of the dungeon, and saw 2 of its levels.

You collected 21 gold pieces.

Inventory:

Hand Weapons
 a - a +0 falchion (weapon)
 d - a +0 club
 e - a +0 dagger
 f - a +0 dagger
 g - a +0 whip
 i - a +0 mace
Missiles
 j - 24 bolts
Armour
 b - a +0 animal skin
 c - a +0 pair of gloves (worn)
 k - a +0 leather armour (worn)
Scrolls
 l - a scroll of blinking {unknown}
Potions
 h - 2 potions of curing {unknown}


   Skills:
 + Level 3.3 Fighting
 + Level 3.3 Long Blades
 + Level 1.7 Armour
 + Level 1.9 Dodging


You had one spell level left.
You didn't know any spells.
Your spell library was empty.

Dungeon Overview and Level Annotations

Branches:
Dungeon (2/15)

Altars:

Annotations:
D:2 Sigmund


Innate Abilities, Weirdness & Mutations

Your serpentine skin is tough. (AC +0)
You have supernaturally acute eyesight. (SInv)
Armour fits poorly on your strangely shaped body.
Your system is resistant to poisons. (rPois)
You cover ground very slowly.
You can spit poison.
You have a snake-like lower body.


Message History

The bat hits you but does no damage. The giant cockroach barely misses you.
The giant cockroach bites you but does no damage.
You barely miss the giant cockroach.
The giant cockroach is severely wounded.
The bat barely misses you.
You riposte.
You miss the bat. The giant cockroach closely misses you.
You hit the giant cockroach.
You kill the giant cockroach!
Trog accepts your kill. The bat barely misses you.
You riposte.
You hit the bat.
The bat is severely wounded.
The bat hits you but does no damage.
You hit the bat.
You kill the bat!
Trog accepts your kill.
l - a scroll labelled OQUOBUI UXEUH
There are no items here.
You now have 21 gold pieces (gained 7).
There are no items here.
You see here a bat corpse.
There is a stone staircase leading down here.
You climb downwards.
Found 17 arrows.
Found a stone staircase leading down.
There is a stone staircase leading up here.
Found 10 gold pieces.
Found 21 sling bullets.
You see here 17 arrows.
Sigmund the Dreaded comes into view.
He is wielding a +0 scythe.
Sigmund shouts!
Sigmund says, "You will soon forget everything."
Sigmund points at you and mumbles some strange words.
The magic dart hits you!
Sigmund hits you from afar with a +0 scythe!
Sigmund casts a spell at you. The magic dart hits you!
* * * LOW HITPOINT WARNING * * *
Sigmund casts a spell at you. You resist with significant effort.
Sigmund hits you with a +0 scythe!
You die...

#....# #....# ###
#....# ... #(...####
#.##.......#
####..........#
........@.#...#
.#######@..##.####
.................#.#
.#######.#.....(...#
#.#.#...#.###.
#....<........
###>##.##.####
#.##.# ... #.....
###.# ######. .


You could see Sigmund.

Vanquished Creatures
  A dart slug (D:1)
  2 ball pythons (D:1)
  4 bats (D:1)
  2 endoplasms (D:1)
  A giant cockroach (D:1)
  A hobgoblin (D:1)
  A kobold (D:1)
  3 goblins (D:1)
  A rat (D:1)
16 creatures vanquished.

Notes
Turn   | Place    | Note
-------+----------+-------------------------------------------
     0 | D:1      | jryanh76 the Naga Berserker began the quest for the Orb.
     0 | D:1      | Reached XP level 1. HP: 21/21 MP: 1/1
   111 | D:1      | Found a faded altar of an unknown god.
   152 | D:1      | Reached XP level 2. HP: 4/28 MP: 2/2
   921 | D:2      | Noticed Sigmund
   926 | D:2      | HP: 1/28 [Sigmund/magic dart (9)]
   927 | D:2      | Mangled by Sigmund

Illustrated notes

Levels and vault maps discovered:
D:1:      dpeg_arrival_pits, layout_basic, chequers_ecumenical_altar_simple,
          minmay_fountain_box
D:2:      layout_loops_ring, basic_altar, minmay_heptomino_o4, uniq_sigmund

Action                   || total
-------------------------++-------
Melee: Falchion          ||    52
Armor: Animal skin       ||     4
       Leather armour    ||    16
Dodge: Dodged            ||    41
       Rpst.: Falchion   ||    12

Table legend: (Time is in decaauts)
 A = Elapsed time spent in this place.
 B = Non-inter-level travel time spent in this place.
 C = Inter-level travel time spent in this place.
 D = Time resting spent in this place.
 E = Time spent auto-exploring this place.
 F = Levels seen in this place.
 G = Mean time per level.
                   A        B        C        D        E       F      G
               +--------+--------+--------+--------+--------+-----+--------+
         Total |   1093 |   1093 |      0 |    437 |      0 |   2 |  546.5 |
       Dungeon |   1093 |   1093 |      0 |    437 |      0 |   2 |  546.5 |
               +--------+--------+--------+--------+--------+-----+--------+

Top non-repeatable levels by time:
     D:1: 1071 daAuts
     D:2: 21 daAuts
